Map: 2000 Atmospheres LE

Players

Neeb - Winner!

  • Race: Protoss Protoss

Epic

  • Race: Terran Terran
  • League: Grandmaster

Event: DreamHack SC2 Masters 2021 Summer

VOD

Have the link to the VOD?

Description

Time

  • Played on: May 28, 2021, 4:41 p.m.
  • Length: 15:41

All games in this series

Show
View Real Time Build Order
Export as new Build Order

Neeb Protoss - Winner!

Build Orders: 1 Gate Expand, Colossus Rush 

Get SALT Encoding   

  12  0:00  Probe  
  13  0:12  Probe  
  14  0:18  Pylon  
  14  0:24  Probe  
  15  0:33  Pylon  
  15  0:36  Probe  
  16  0:48  Probe  
  17  0:52  Gateway  
  17  0:59  Assimilator  
  17  1:01  Probe  
  18  1:30  Nexus  
  18  1:37  Zealot (Chrono Boost)  
  20  1:42  Cybernetics Core  
  20  1:44  Probe  
  21  1:55  Zealot (Chrono Boost)  
  21  1:56  Probe  
  24  2:02  Assimilator  
  24  2:08  Probe  
  25  2:20  Probe  
  26  2:23  Stalker (Chrono Boost)  
  28  2:33  Probe  
  30  2:44  Probe (Chrono Boost)  
  30  2:47  Stalker  
  30  2:48  Warp Gate  
  30  2:49  Probe (Chrono Boost)  
  33  2:57  Probe (Chrono Boost)  
  34  3:00  Probe (Chrono Boost)  
  34  3:03  Probe (Chrono Boost)  
  34  3:05  Robotics Facility  
  33  3:15  Probe x2 (Chrono Boost)  
  33  3:17  Shield Battery  
  33  3:19  Stalker  
  36  3:24  Probe (Chrono Boost)  
  36  3:26  Probe (Chrono Boost)  
  38  3:32  Probe  
  39  3:35  Pylon  
  39  3:38  Probe, Gateway  
  39  3:41  Gateway  
  40  3:44  Probe  
  41  3:52  Probe  
  41  3:53  Observer  
  42  3:55  Shield Battery  
  42  3:57  Probe  
  42  4:04  Probe  
  42  4:09  Probe  
  44  4:14  Robotics Bay  
  44  4:16  Probe  
  45  4:17  Pylon  
  45  4:19  Observer  
  45  4:21  Probe  
  45  4:23  Assimilator  
  47  4:25  Assimilator  
  47  4:28  Probe  
  48  4:33  Probe, Pylon  
  48  4:36  Stalker x3  
  55  4:40  Probe  
  55  4:45  Probe  
  57  4:49  Pylon  
  57  5:00  Probe  
  57  5:02  Probe, Colossus  
  65  5:10  Forge  
  65  5:12  Probe  
  67  5:21  Probe, Stalker x2  
  67  5:22  Stalker  
  67  5:25  Probe  
  67  5:27  Observer  
  74  5:36  Probe  
  75  5:43  Protoss Ground Weapons Level 1  
  74  5:52  Probe  
  74  5:54  Stalker x2  
  74  5:55  Probe  
  76  6:05  Observer  
  76  6:07  Pylon  
  76  6:10  Extended Thermal Lance  
  77  6:16  Nexus  
  77  6:19  Probe  
  77  6:25  Probe  
  79  6:31  Probe (Chrono Boost)  
  70  6:37  Probe (Chrono Boost)  
  71  6:44  Probe (Chrono Boost), Sentry x3  
  79  6:47  Probe (Chrono Boost)  
  79  6:49  Probe (Chrono Boost)  
  79  6:50  Twilight Council  
  79  6:52  Probe (Chrono Boost)  
  81  6:59  Probe  
  82  7:06  Blink  
  82  7:08  Pylon x2  
  82  7:09  Probe  
  83  7:16  Probe  
  83  7:19  Pylon  
  83  7:22  Probe, Colossus (Chrono Boost)  
  85  7:26  Photon Cannon  
  85  7:28  Probe  
  92  7:32  Probe  
  92  7:35  Probe  
  94  7:37  Protoss Ground Armor Level 1 (Chrono Boost)  
  94  7:39  Pylon  
  94  7:40  Pylon  
  94  7:41  Probe (Chrono Boost)  
  94  7:42  Photon Cannon  
  96  7:44  Probe (Chrono Boost)  
  96  7:47  Shield Battery  
  96  7:48  Probe (Chrono Boost)  
  97  7:53  Probe (Chrono Boost)  
  97  7:56  Probe (Chrono Boost)  
  100  7:59  Probe (Chrono Boost)  
  100  8:00  Probe (Chrono Boost)  
  100  8:01  Observer, Probe (Chrono Boost)  
  100  8:04  Probe (Chrono Boost)  
  101  8:08  Photon Cannon  
  101  8:10  Probe  
  102  8:13  Probe  
  102  8:15  Robotics Facility  
  102  8:17  Colossus  
  102  8:19  Probe  
  110  8:26  Assimilator  
  110  8:32  Gateway, Assimilator  
  110  8:34  Pylon  
  110  8:35  Gateway  
  110  8:38  Gateway  
  110  8:44  Templar Archives  
  111  8:48  Probe x2  
  111  8:52  Pylon  
  112  8:56  Charge (Chrono Boost)  
  112  8:57  Gateway  
  112  8:59  Gateway  
  112  9:02  Disruptor  
  112  9:09  Adept x2  
  119  9:11  Disruptor  
  119  9:16  Zealot  
  124  9:26  Protoss Ground Weapons Level 2 (Chrono Boost)  
  124  9:31  Zealot x3  
  124  9:38  Disruptor  
  126  9:40  Stalker x3  
  124  9:46  Probe x2  
  124  9:47  Probe  
  124  9:51  Disruptor (Chrono Boost)  
  130  9:58  Probe  
  130  9:59  Probe  
  132  10:06  Nexus  
  127  10:07  Pylon  
  127  10:08  Probe  
  127  10:10  Probe  
  127  10:11  Disruptor (Chrono Boost)  
  127  10:19  High Templar x2, Zealot x2  
  138  10:27  Archon  
  139  10:28  Probe x2  
  140  10:38  Disruptor  
  140  10:39  Pylon  
  140  10:40  Dark Shrine  
  143  10:44  Disruptor, Pylon  
  143  10:48  Probe x3  
  149  10:53  Shield Battery  
  149  10:54  Shield Battery, Pylon  
  149  10:59  Photon Cannon  
  149  11:01  High Templar x2  
  153  11:06  Archon  
  153  11:08  Zealot x3  
  159  11:16  Disruptor, Zealot x2  
  166  11:21  Probe x3  
  166  11:22  Probe  
  170  11:32  High Templar x2, Zealot  
  176  11:33  Probe x3  
  176  11:34  Probe  
  180  11:41  Archon  
  180  11:43  Gateway  
  180  11:46  Gateway  
  156  12:02  Disruptor  
  151  12:08  Protoss Ground Armor Level 2 (Chrono Boost)  
  151  12:15  Probe  
  150  12:18  Disruptor (Chrono Boost)  
  150  12:19  Probe x2  
  153  12:23  Zealot x7  
  153  12:25  Shadow Stride  
  167  12:35  Forge  
  167  12:37  Nexus  
  167  12:38  Pylon  
  167  12:41  Dark Templar x2  
  167  12:43  Disruptor (Chrono Boost)  
  171  12:51  Disruptor (Chrono Boost)  
  174  12:55  Stalker x7  
  187  13:10  Probe x2  
  187  13:11  Probe x2  
  187  13:12  Photon Cannon  
  170  13:23  Probe (Chrono Boost)  
  170  13:24  Probe x2 (Chrono Boost), Immortal x2  
  170  13:26  Probe (Chrono Boost), Pylon  
  183  13:35  Probe x3 (Chrono Boost)  
  183  13:39  Probe (Chrono Boost)  
  180  13:50  Dark Templar x4  
  180  13:52  Probe  
  180  13:55  Probe x2  
  191  13:58  Probe, Photon Cannon  
  191  13:59  Shield Battery  
  191  14:01  Dark Templar  
  192  14:03  Pylon  
  192  14:04  Photon Cannon  
  192  14:05  Shield Battery  
  183  14:23  Probe x2  
  182  14:26  Assimilator  
  182  14:27  Assimilator  
  182  14:28  Immortal x2  
  190  14:31  Zealot x4  
  190  14:32  Zealot  
  186  15:01  Zealot x7  
  200  15:18  Gateway, Nexus  
  200  15:20  Gateway  
  200  15:22  Gateway  
  200  15:24  Gateway  
  200  15:27  Stargate  
  190  15:34  Zealot x7  
Show
View Real Time Build Order
Export as new Build Order

Epic Terran 

Build Orders: Reaper Expand 

Get SALT Encoding   

  12  0:00  SCV  
  13  0:12  SCV  
  14  0:17  Supply Depot  
  14  0:24  SCV  
  15  0:38  SCV  
  15  0:40  Barracks  
  16  0:43  Refinery  
  16  0:50  SCV  
  17  1:02  SCV  
  18  1:15  SCV  
  19  1:27  Orbital Command  
  19  1:28  Reaper  
  20  1:44  Command Center  
  20  1:51  Supply Depot  
  20  1:55  SCV  
  20  1:59  Marine  
  22  2:08  Factory  
  22  2:11  SCV  
  23  2:16  Refinery  
  23  2:18  Marine  
  24  2:23  SCV  
  23  2:35  SCV  
  24  2:37  Marine  
  23  2:45  Bunker  
  23  2:48  SCV  
  24  2:55  Marine  
  24  2:57  Hellion  
  26  3:03  SCV  
  25  3:14  Barracks Reactor  
  25  3:17  Orbital Command  
  25  3:19  SCV  
  25  3:23  Refinery  
  25  3:31  SCV  
  26  3:35  Armory  
  26  3:43  SCV x2  
  26  3:47  Starport  
  28  3:50  Factory Tech Lab  
  28  3:56  SCV x2  
  28  3:57  Marine  
  28  3:58  Marine  
  31  4:09  SCV x2  
  31  4:11  Widow Mine  
  31  4:15  Marine  
  33  4:17  Marine  
  33  4:21  Drilling Claws  
  34  4:25  Medivac  
  34  4:29  SCV x2  
  38  4:33  Widow Mine  
  38  4:38  Supply Depot  
  40  4:41  SCV x2  
  40  4:43  Marine  
  40  4:44  Marine  
  44  4:55  SCV x2  
  44  4:57  Medivac  
  47  5:00  Widow Mine  
  47  5:05  Marine x2  
  49  5:08  SCV  
  49  5:09  SCV  
  49  5:13  Supply Depot  
  49  5:22  SCV x2  
  49  5:23  Widow Mine  
  49  5:25  Marine  
  54  5:34  Marine  
  55  5:39  SCV x2  
  57  5:45  Supply Depot  
  57  5:47  Widow Mine  
  57  5:48  Medivac  
  61  5:53  Command Center  
  61  5:55  SCV  
  62  6:02  SCV  
  62  6:03  Supply Depot  
  61  6:05  Marine  
  61  6:06  Marine  
  61  6:12  Barracks  
  61  6:14  SCV  
  61  6:15  SCV  
  61  6:16  Barracks  
  63  6:19  Factory Reactor  
  63  6:23  Marine  
  63  6:24  Marine  
  61  6:32  SCV x2  
  59  6:35  Refinery  
  57  6:40  Engineering Bay  
  57  6:41  Marine, Engineering Bay  
  57  6:42  Marine, Viking  
  57  6:44  SCV x2  
  63  6:50  Refinery  
  62  6:58  SCV x2  
  62  7:01  Widow Mine x2, Barracks Tech Lab, Marine  
  65  7:02  Marine  
  65  7:04  Barracks Tech Lab  
  65  7:06  Terran Infantry Weapons Level 1  
  65  7:07  Terran Infantry Armor Level 1  
  68  7:10  Orbital Command  
  68  7:14  Starport Reactor  
  68  7:16  SCV x2  
  68  7:20  Stimpack  
  70  7:23  Marauder  
  70  7:24  Marauder  
  70  7:28  Marine x2, Combat Shield  
  77  7:30  SCV x2  
  77  7:33  Widow Mine, Orbital Command  
  77  7:34  Widow Mine  
  82  7:42  SCV x2  
  84  7:45  Marauder x2  
  84  7:48  Marine  
  84  7:49  Marine  
  90  7:55  SCV x2  
  92  7:58  Barracks x2  
  92  8:10  Widow Mine  
  92  8:12  Medivac  
  92  8:13  Supply Depot  
  92  8:14  Supply Depot  
  92  8:17  Marine  
  93  8:30  Missile Turret  
  93  8:35  Marauder, Marine, Medivac, Supply Depot, Widow Mine x2, SCV x2  
  93  8:36  SCV, Marauder  
  107  8:42  Medivac  
  109  8:50  Barracks Reactor  
  109  8:52  Concussive Shells  
  109  8:53  Supply Depot  
  109  8:56  Supply Depot  
  109  8:57  SCV x3, Marauder x2, Marine  
  117  9:03  Terran Infantry Armor Level 2, Terran Infantry Weapons Level 2  
  117  9:07  Refinery  
  117  9:08  Refinery  
  117  9:15  Widow Mine x2, SCV x2, Marine x2  
  125  9:18  SCV, Medivac  
  125  9:22  Medivac, Supply Depot x2  
  130  9:25  Command Center  
  130  9:27  SCV x2  
  130  9:30  SCV  
  129  9:33  Marauder x2  
  129  9:35  Marauder  
  133  9:44  SCV x3  
  133  9:45  Marine x4  
  132  9:55  Marauder  
  132  9:56  Starport, Ghost Academy  
  132  9:58  SCV x3  
  137  10:06  Marauder x2, Marine x4  
  140  10:11  Viking x2  
  138  10:14  Supply Depot  
  138  10:16  Marauder  
  138  10:18  SCV x3  
  143  10:21  Terran Ship Weapons Level 1  
  143  10:25  Marine  
  143  10:26  Marine x3  
  147  10:31  Enhanced Shockwaves  
  147  10:39  Ghost x2  
  151  10:42  Bunker  
  151  10:43  Ghost  
  151  10:44  Marine x2  
  151  10:45  Marine x2  
  151  10:49  Widow Mine  
  159  10:51  Missile Turret  
  159  10:52  Missile Turret  
  159  10:53  SCV x3  
  159  10:54  Missile Turret  
  159  10:57  Viking x2  
  164  11:01  Viking  
  168  11:05  Refinery  
  168  11:06  Refinery  
  168  11:08  Planetary Fortress  
  168  11:09  SCV x3  
  171  11:12  Marine  
  172  11:18  Marine  
  171  11:29  SCV  
  171  11:31  Supply Depot  
  172  11:32  Supply Depot  
  172  11:33  Supply Depot  
  172  11:36  Supply Depot  
  172  11:37  Supply Depot  
  172  11:46  Supply Depot  
  172  11:49  Ghost  
  172  11:51  SCV x2, Marine x2  
  172  11:52  Ghost x2, Marine x2  
  141  12:16  SCV x3  
  141  12:19  Marauder  
  141  12:20  Barracks x2  
  141  12:21  Marauder  
  141  12:22  Barracks, Marauder  
  150  12:23  Medivac x4  
  158  12:30  Command Center  
  158  12:37  Marine x4  
  162  12:55  Viking x2  
  162  12:56  Command Center, Viking x2  
  162  13:12  Barracks Reactor, Barracks Tech Lab x2, Marauder x3  
  158  13:13  Marine x4  
  158  13:21  Missile Turret  
  154  13:33  Missile Turret  
  136  13:50  Missile Turret  
  136  13:51  SCV x4  
  136  14:04  Marauder  
  136  14:05  Marauder x4, Marine x6  
  122  14:21  Orbital Command  
  122  14:23  Marine x2  
  124  14:25  Marine, Ghost x4  
  124  14:26  Marine  
  124  14:29  Marine  
  124  14:30  Marine x2  
  105  14:54  Marauder x3, Marine  
  105  14:55  Marauder  
  109  15:02  SCV x5  
  109  15:07  Marine x3  
  114  15:12  Marine  
  119  15:14  SCV x5  
  119  15:18  Marauder x3  
  129  15:26  SCV  
Tags
 
Add a new tag
Caveats
  • Supply blocks, unpowered buildings, or Contaminate may cause inaccurate times.
  • Supply counts are checked every 10 seconds.